 Dungeon Crawl Stone Soup version 0.29-a0-1023-g6ae1a4a2c7 (webtiles) character file.

Game seed: 16166788479504176862

5 Zeldest the Sneak (level 2, -5/26 HPs)
             Began as a Meteoran Delver on Aug 11, 2022.
             Killed from afar by Natasha (9 damage)
             ... with a magic dart
             ... on level 3 of the Dungeon.
             The game lasted 00:02:42 (220 turns).

Zeldest the Sneak (Meteoran Delver)                  Turns: 220, Time: 00:02:43

Health: -5/26      AC:  3    Str: 13    XL:     2   Next: 5%
Magic:  3/3        EV: 12    Int: 11    God:
Gold:   21         SH:  0    Dex: 15    Spells: 1/1 levels left

rFire   . . .      SeeInvis .   a - +0 hand axe
rCold   . . .      Faith    .   (no shield)
rNeg    . . .      Spirit   .   b - +0 leather armour
rPois   .          Reflect  .   (no helmet)
rElec   .          Harm     .   (no cloak)
rCorr   .          Rampage  .   (no gloves)
Will    .....                   (no boots)
Stlth   +.........              (no amulet)
HPRegen 0.08/turn               (no ring)
MPRegen 0.08/turn               (no ring)

@: slowed, glowing, very slow
A: sense surroundings 1, otherworldly, glowing, explore regen
a: no special abilities


You were on level 3 of the Dungeon.
You visited 1 branch of the dungeon, and saw 4 of its levels.

You collected 21 gold pieces.

Inventory:

Hand Weapons
 a - a +0 hand axe (weapon)
Armour
 b - a +0 leather armour (worn)
Wands
 g - a wand of digging (3)
Scrolls
 c - a scroll of fog
 e - a scroll of fear
 i - a scroll of silence {unknown}
Potions
 d - 2 potions of haste
 f - a potion of degeneration {unknown}
 h - a potion of ambrosia {unknown}
 j - a potion of cancellation {unknown}
 k - a potion of lignification {unknown}


   Skills:
 + Level 3.4 Fighting
 * Level 2.6 Axes
 + Level 0.0 Armour
 - Level 2.5 Dodging
 - Level 3.7 Stealth


You had one spell level left.
You didn't know any spells.
Your spell library was empty.

Dungeon Overview and Level Annotations

Branches:
Dungeon (6/15) Zot: 2194
 Temple: D:4-7

Altars:

Annotations:
D:3 Natasha


Innate Abilities, Weirdness & Mutations

You passively map a small area around you.
You are easily found by Zot.
You glow in the dark.
You regain HP and MP as you explore.


Message History

A goblin comes into view. It is wielding a +0 dagger.
The goblin hits you with a +0 dagger.
You closely miss the goblin.
The goblin hits you with a +0 dagger. x2
You completely miss the goblin. The goblin hits you but does no damage.
You closely miss the goblin. The goblin hits you but does no damage.
You hit the goblin.
You kill the goblin!
You have reached level 2!
You see here a +0 dagger.
Found an emerald potion.
j - an emerald potion A bat comes into view.
Found a puce potion.
The bat hits you but does no damage. The bat barely misses you.
The bat hits you but does no damage.
You closely miss the bat. The bat hits you but does no damage.
The bat closely misses you. The bat hits you but does no damage.
You hit the bat.
You kill the bat!
k - a puce potion You open the door.
Natasha, Servant of Life and Death comes into view.
Natasha hisses angrily.
Natasha casts a spell at you.
You feel yourself slow down.
There is an open door here.
You closely miss Natasha. Natasha casts a spell at you.
The magic dart hits you! Natasha claws you.
You hit Natasha.
Natasha is lightly wounded.
Natasha barely misses you. Natasha claws you.
You barely miss Natasha.
Natasha is lightly wounded.
Natasha claws you.
* * * LOW HITPOINT WARNING * * *
Natasha stares at you and mumbles some strange words.
The magic dart hits you!
You die...

** * ..# ..# , ,
..# , * #.# #.# *
#.# , * #h#
######@###
#.........#
+.........# , ..
#.........########
, ..#
#.....#†.........#
* ...
#.#########+####.#
..* #.# # , ,,..#
#.# .. #.# * #.#
8.8 #.# .. #.# ,,
<#.# #.# #.#


You could see Natasha.

Vanquished Creatures
  A ball python (D:4)
  2 goblins (D:3)
  A bat (D:3)
  A rat (D:3)
5 creatures vanquished.

Notes
Turn   | Place    | Note
-------+----------+-------------------------------------------
     0 | D:5      | Zeldest the Meteoran Delver began the quest for the Orb.
     0 | D:5      | Reached XP level 1. HP: 19/19 MP: 2/2
    17 | D:5      | Noticed a phantom
    77 | D:5      | Noticed a black bear
    78 | D:5      | Noticed a phantom
   109 | D:4      | Noticed a necrophage
   190 | D:3      | Reached XP level 2. HP: 19/26 MP: 3/3
   216 | D:3      | Noticed Natasha
   220 | D:3      | Killed from afar by Natasha

Illustrated notes

Levels and vault maps discovered:
D:3:      layout_basic, mainiacjoe_overflow_cross_hatched,
          nicolae_overflow_squiral, grunt_ministairs_15, dk_noncrumbling_2,
          minmay_increasing_density, uniq_natasha, uniq_robin, uniq_ijyb,
          uniq_grinder
D:4:      layout_gridville, nicolae_kikubaaqudgha_miasma_corner,
          fedhas_altar_fruit_tree, minmay_misc_feat_plants
D:5:      layout_loops_ring, lemuel_doored_altar, zin_scriptorium, serial_shops,
          nicolae_shop_behind_doors
D:6:      layout_basic, mainiacjoe_overflow_alcove_1

Action                   || total
-------------------------++-------
Melee: Hand axe          ||    21
  Use: Scroll            ||     2
       Potion            ||     1
Armor: Leather armour    ||     8
Dodge: Dodged            ||     6

Table legend: (Time is in decaauts)
 A = Elapsed time spent in this place.
 B = Non-inter-level travel time spent in this place.
 C = Inter-level travel time spent in this place.
 D = Time resting spent in this place.
 E = Time spent auto-exploring this place.
 F = Levels seen in this place.
 G = Mean time per level.
                   A        B        C        D        E       F      G
               +--------+--------+--------+--------+--------+-----+--------+
         Total |    204 |    204 |      0 |      0 |      0 |   4 |   51.0 |
       Dungeon |    204 |    204 |      0 |      0 |      0 |   4 |   51.0 |
               +--------+--------+--------+--------+--------+-----+--------+

Top non-repeatable levels by time:
     D:3: 97 daAuts
     D:4: 43 daAuts
     D:5: 36 daAuts
     D:6: 27 daAuts
